 Dungeon Crawl Stone Soup version 0.29-a0-284-gf9362112df (webtiles) character file.

Game seed: 17880985104065046788

460 spaghetti the Fortune-Teller (level 6, 0/50 HPs)
             Began as a Deep Dwarf Transmuter on Mar 21, 2022.
             Was a Believer of Nemelex Xobeh.
             Killed from afar by a white imp (12 damage)
             ... with a puff of frost
             ... on level 4 of the Dungeon.
             The game lasted 00:13:23 (4394 turns).

spaghetti the Fortune-Teller (DDTm)                 Turns: 4394, Time: 00:13:24

Health: 0/50       AC:  2    Str: 15    XL:     6   Next: 78%
Magic:  8/9        EV: 12    Int: 14    God:    Nemelex Xobeh [**....]
Gold:   124        SH:  0    Dex: 13    Spells: 5/8 levels left

rFire   . . .      SeeInvis .   c - +2 whip {mace}
rCold   . . .      Faith    .   (no shield)
rNeg    . . .      Spirit   .   a - +0 robe
rPois   .          Reflect  .   (no helmet)
rElec   .          Harm     .   (no cloak)
rCorr   .          Rampage  .   (no gloves)
Will    .....                   (no boots)
Stlth   +.........              (no amulet)
HPRegen 0.00/turn               (no ring)
MPRegen 0.11/turn               (no ring)

@: wereblooded
A: damage resistance, heal wounds, sense surroundings 1, no regeneration
a: Heal Wounds, Renounce Religion, Draw Escape, Draw Destruction, Draw Summoning


You were on level 4 of the Dungeon.
You worshipped Nemelex Xobeh.
Nemelex Xobeh was pleased with you.
You visited 1 branch of the dungeon, and saw 4 of its levels.

You collected 124 gold pieces.


Innate Abilities, Weirdness & Mutations

You are resistant to damage.
You can heal yourself by infusing magical energy.
You passively map a small area around you.
You do not regenerate.


   Skills:
 - Level 0.8 Fighting
 - Level 2.1 Dodging
 - Level 2.6 Unarmed Combat
 - Level 1.7 Spellcasting
 + Level 4.4 Transmutations
 * Level 7.0 Invocations


You had 5 spell levels left.
You knew the following spells:

 Your Spells              Type           Power      Damage    Failure   Level
a - Beastly Appendage     Tmut           26%        N/A       3%          1
b - Wereblood             Tmut           13%        N/A       6%          2

Your spell library contained the following spells:

 Spells                   Type           Power      Damage    Failure   Level
 Spider Form              Tmut/Pois      7%         N/A       28%         3
 Ice Form                 Ice/Tmut       7%         N/A       67%         4
 Borgnjor's Revivificati  Necr           0%         N/A       100%        8
 Necromutation            Tmut/Necr      3%         N/A       100%        8
 Death's Door             Necr           0%         N/A       100%        9

Inventory:

Hand Weapons
 c - a +2 whip (weapon) {mace}
   (You took it off a kobold on level 2 of the Dungeon)
 d - a +0 dagger {short}
   (You took it off a goblin on level 1 of the Dungeon)
Missiles
 e - 128 stones (quivered) {throwing}
Armour
 a - a +0 robe (worn)
Jewellery
 i - a ring of willpower
   (You took it off a goblin on level 2 of the Dungeon)
Scrolls
 f - 3 scrolls of teleportation {@r4}
 h - 2 scrolls of identify {@r1}
Potions
 g - a potion of degeneration {!q@e2}

Dungeon Overview and Level Annotations

Branches:
Dungeon (4/15)
 Temple: D:4-7

Altars:
Nemelex Xobeh
Wu Jian

Shops:
D:3

* ..#######.....#
#..............
#............#.
##.##..............
,
##<.................
#...................
....................
*
..........5.<.......
,, ,
..........@.........
..........).........
........../<........
.......)............
#.......##.##.....##
,
##....###.#.##.#.##
, ###.. .. ...###[.
* #. ##.*.##. # ,
#., ## ## .. *


You could see a white imp.


Message History

* * * LOW HITPOINT WARNING * * *
Spaghetti's illusion hits the jelly.
Spaghetti's illusion is burned by acid! 😨 HP[-6]
You take 6 damage, and now have 18/50 hp.
Unknown command.
You aren't carrying any items that you can evoke.
You draw a card...
You have drawn the Illusion.
Suddenly you stand beside yourself.
The deck of cards disappears without a trace.
The orc priest closely misses you. The jelly closely misses you.
Spaghetti's illusion hits the jelly.
The jelly dies! 😨 MP[+1] Unknown command.
You hit the orc priest but do no damage.
The orc priest misses you.
Spaghetti's illusion hits the orc priest.
You barely miss the orc priest. The orc priest hits you with a +0 club.
* * * LOW HITPOINT WARNING * * *
Spaghetti's illusion hits the orc priest. x2
The orc priest dies!
Your Invocations skill increases to level 7! 😨 HP[-3]
You take 3 damage, and now have 15/50 hp.
You see here a +0 club {mace}.
You start resting.
Your primal bloodlust is almost over. 😨 MP[+1]
Your mp is fully restored (9).
(D) Dungeon
Where to? (Enter - D:3 @ (x,y), ? - help)
A kobold comes into view. It is wielding a +0 whip.
Things that are here:
a +0 dagger {short}; a wand of mindburst (9); a goblin corpse Unknown command.
Unknown command.
The kobold shouts!
There is a stone staircase leading up here.
You climb upwards.
Your summoned allies are left behind.
Your primal bloodlust has ended.
There is a stone staircase leading down here.
Unknown command.
You start waiting.
You are no longer corroded.
Done waiting.
Unknown command.
You feel much better. 😕 HP[+23]
You regained 23 hp, and now have 38/50 hp.
You start waiting.
Done waiting.
Unknown command.
Unknown command.
You climb downwards.
The kobold hits you but does no damage.
There is a stone staircase leading up here.
Unknown command.
Casting: Wereblood (safe; 6% risk of failure)
Confirm with . or Enter, or press ? or * to list all spells.
Your blood is infused with primal strength.
The kobold barely misses you. 😕 MP[-2]
You lost 2 mp, and now have 7/9 mp.
You hit the kobold.
The kobold hits you with a +0 whip. 😮 HP[-3]
You take 3 damage, and now have 35/50 hp.
You hit the kobold.
You feel a bit better.
You kill the kobold!
You howl as the wereblood boils in your veins!
The white imp gestures at you. The puff of frost hits you! 😮 HP[-8]
You take 8 damage, and now have 27/50 hp.
The white imp gestures at you. The puff of frost misses you.
Things that are here:
a +0 whip {mace}; a kobold corpse You hit the white imp.
The white imp hits you but does no damage.
You barely miss the white imp. The white imp gestures at you.
The puff of frost hits you!
* * * LOW HITPOINT WARNING * * *
😨 HP[-10]
You take 10 damage, and now have 17/50 hp.
You closely miss the white imp. The white imp hits you.
The white imp freezes you.
* * * LOW HITPOINT WARNING * * *
😨 HP[-3]
You take 3 damage, and now have 14/50 hp.
You hit the white imp but do no damage. The white imp hits you.
The white imp freezes you.
* * * LOW HITPOINT WARNING * * *
😱 HP[-2] MP[+1]
You take 2 damage, and now have 12/50 hp.
You hit the white imp but do no damage. The white imp gestures at you.
The puff of frost hits you!
You die...
Your body glows with a rainbow of weird colours and disappears.

Skill      XL: |  1  2  3  4  5  6 |
---------------+-------------------+-----
Transmutations | 2 3 4 |  4.4
Invocations    | 1 3 4 5 7 |  7.0
Fighting       | |  0.8
Dodging        | |  2.1
Unarmed Combat | |  2.6
Spellcasting   | |  1.7

Action                   |  1- 3 |  4- 6 || total
-------------------------+-------+-------++-------
Melee: Unarmed           |    10 |       ||    10
       Dagger            |   133 |       ||   133
       Kick              |     8 |    18 ||    26
       Headbutt          |     7 |    13 ||    20
       Whip              |     4 |   144 ||   148
       Punch             |     2 |     1 ||     3
Throw: Stone             |    36 |     1 ||    37
 Cast: Beastly Appendage |    11 |    15 ||    26
       Wereblood         |    19 |    23 ||    42
Invok: Draw Destruction  |     1 |     5 ||     6
       Draw Escape       |       |     4 ||     4
       Draw Summoning    |       |     3 ||     3
 Abil: Heal Wounds       |     1 |     4 ||     5
  Use: Potion            |     6 |     6 ||    12
       Scroll            |     4 |     4 ||     8
 Stab: Distracted        |       |     1 ||     1
Armor: Robe              |    36 |    27 ||    63
       Skin              |       |    29 ||    29
Dodge: Dodged            |   118 |   117 ||   235

Levels and vault maps discovered:
D:1:      nagdon_arrival_zigzag_paths, layout_basic,
          shapermc_ecumenical_altar_mp_ritualfount, serial_corexii_hall,
          corexii_hall_statues_l, corexii_hall_statues_i, minivault_19
D:2:      layout_basic, basic_altar
D:3:      layout_basic, serial_shops, shop, minivault_24,
          nicolae_concentric_dashed_squares_wild
D:4:      black_bear_nest_2, layout_rooms, lemuel_coloured_pillars_altar,
          serial_shops, kennysheep_little_box, minmay_ruptured, uniq_ijyb

Notes
Turn   | Place    | Note
-------+----------+-------------------------------------------
     0 | D:1      | spaghetti the Deep Dwarf Transmuter began the quest for the
                  | Orb.
     0 | D:1      | Reached XP level 1. HP: 16/16 MP: 3/3
     0 | D:1      | magus.rc [v1.9.6]
   114 | D:1      | Reached skill level 2 in Transmutations
   242 | D:1      | Reached XP level 2. HP: 19/24 MP: 2/4
   720 | D:1      | Found a faded altar of an unknown god.
   726 | D:1      | Prayed at the altar of an unknown god.
   726 | D:1      | Became a worshipper of Nemelex Xobeh the Trickster
   726 | D:1      | Reached * piety under Nemelex Xobeh
   726 | D:1      | Received a gift from Nemelex Xobeh
   830 | D:1      | Learned a level 2 spell: Wereblood
  1287 | D:2      | Reached skill level 1 in Invocations
  1481 | D:2      | Reached skill level 3 in Transmutations
  1481 | D:2      | Reached XP level 3. HP: 28/30 MP: 2/5
  1920 | D:2      | HP: 7/30 [adder (3)]
  1925 | D:2      | Reached skill level 2 in Invocations
  1956 | D:2      | HP: 7/30 [giant cockroach (1)]
  2265 | D:2      | Reached ** piety under Nemelex Xobeh
  2408 | D:2      | Reached skill level 3 in Invocations
  2408 | D:2      | Reached XP level 4. HP: 37/37 MP: 2/6
  2455 | D:2      | You add the spells Borgnjor's Revivification, Necromutation
                  | and Death's Door to your library.
  2495 | D:2      | Found an ornate altar of the Wu Jian Council.
  2902 | D:3      | Found Nelly's General Store.
  3189 | D:3      | Reached skill level 4 in Invocations
  3274 | D:3      | Received a gift from Nemelex Xobeh
  3460 | D:3      | Reached XP level 5. HP: 25/43 MP: 3/8
  3803 | D:4      | Noticed Ijyb
  3825 | D:4      | Reached skill level 5 in Invocations
  3833 | D:4      | HP: 8/43 [iguana (6)]
  3849 | D:4      | HP: 16/64 [iguana (5)]
  3851 | D:4      | Reached skill level 4 in Transmutations
  3856 | D:4      | HP: 15/64 [Ijyb/+0 dagger (1)]
  3875 | D:4      | Killed Ijyb
  3876 | D:4      | Reached XP level 6. HP: 24/50 MP: 7/10
  3937 | D:3      | HP: 11/50 [adder (3)]
  3944 | D:3      | HP: 11/50 [adder (1)]
  3948 | D:3      | Reached skill level 6 in Invocations
  3961 | D:4      | HP: 12/50 [necrophage (2)]
  3966 | D:3      | HP: 12/48 [acid (3)]
  3967 | D:3      | HP: 5/48 [orc/+0 war axe (7)]
  3967 | D:3      | HP: 2/46 [necrophage (1)]
  4159 | D:4      | HP: 7/50 [orc priest/divine providence (13)]
  4160 | D:4      | HP: 1/50 [disintegration (6)]
  4169 | D:4      | Reached skill level 7 in Invocations
  4393 | D:4      | HP: 12/50 [white imp (2)]
  4394 | D:4      | Killed from afar by a white imp

Vanquished Creatures
  A hound (D:4)
  Ijyb (D:4)
  2 iguanas
  5 gnolls
  7 adders
  A white imp (D:3)
  A worm (D:3)
  2 dart slugs
  An orc (D:3)
  9 ball pythons
  4 bats
  4 endoplasms
  4 giant cockroaches
  9 goblins
  6 hobgoblins
  2 jackals (D:2)
  A quokka (D:2)
  3 frilled lizards
  8 kobolds
  3 rats
74 creatures vanquished.

Vanquished Creatures (collateral kills)
  A necrophage (D:3)
  2 jellies
  An orc priest (D:4)
  An orc (D:3)
  A goblin (D:4)
6 creatures vanquished.

Vanquished Creatures (others)
  3 plants (D:1)
3 creatures vanquished.

Grand Total: 83 creatures vanquished

Table legend:
 A = Non-vault XP
 B = Vault XP
 C = Vault XP percentage of total XP
 D = Non-vault monster count
 E = Vault monster count
 F = Vault count percentage of total count
                 A         B        C        D         E       F
            +---------+---------+-------+---------+---------+-------
      Total |     531 |     127 |  19.3 |      76 |       4 |   5.0
            +---------+---------+-------+---------+---------+-------
        D:1 |      31 |       0 |   0.0 |      17 |       0 |   0.0
        D:2 |      83 |       0 |   0.0 |      28 |       0 |   0.0
        D:3 |     290 |       0 |   0.0 |      22 |       0 |   0.0
        D:4 |     127 |     127 |  50.0 |       9 |       4 |  30.8
            +---------+---------+-------+---------+---------+-------

Illustrated notes

Table legend:
 A = Kills in this place as a percentage of kills in entire the game.
 B = Kills by you in this place as a percentage of kills by you in the entire game.
 C = Kills by friends in this place as a percentage of kills by friends in the entire game.
 D = Other kills in this place as a percentage of other kills in the entire game.
 E = Experience gained in this place as a percentage of experience gained in the entire game.
 F = Experience gained in this place divided by the number of levels of this place that you have seen.
                   A       B       C       D       E      F
               +-------+-------+-------+-------+-------+----------------------
         Total | 100.0 | 100.0 | 100.0 |   N/A | 100.0 | 164.5
       Dungeon | 100.0 | 100.0 | 100.0 |   N/A | 100.0 | 164.5
               +-------+-------+-------+-------+-------+----------------------

Table legend: (Time is in decaauts)
 A = Elapsed time spent in this place.
 B = Non-inter-level travel time spent in this place.
 C = Inter-level travel time spent in this place.
 D = Time resting spent in this place.
 E = Time spent auto-exploring this place.
 F = Levels seen in this place.
 G = Mean time per level.
                   A        B        C        D        E       F      G
               +--------+--------+--------+--------+--------+-----+--------+
         Total |   4409 |   4284 |    125 |    955 |   2548 |   4 | 1102.2 |
       Dungeon |   4409 |   4284 |    125 |    955 |   2548 |   4 | 1102.2 |
               +--------+--------+--------+--------+--------+-----+--------+

Top non-repeatable levels by time:
     D:2: 1590 daAuts
     D:3: 1444 daAuts
     D:1: 1239 daAuts
     D:4: 135 daAuts
